 Dungeon Crawl Stone Soup version 0.28-a0-872-g80cf8599ee (webtiles) character file.

Game seed: 13416303054706193414

1467 croobank the Chopper (level 9, -2/65 HPs)
             Began as a Human Cinder Acolyte on Nov 20, 2021.
             Was an Initiate of Ignis.
             Slain by a killer bee (8 damage)
             ... on level 7 of the Dungeon.
             The game lasted 00:44:42 (6462 turns).

croobank the Chopper (Human Cinder Acolyte)         Turns: 6462, Time: 00:44:42

Health: -2/65      AC:  7    Str: 18    XL:     9   Next: 6%
Magic:  10/10      EV: 10    Int: 15    God:    Ignis [......]
Gold:   259        SH:  0    Dex:  8    Spells: 8/10 levels left

rFire   + . .      SeeInvis .   k - +1 war axe
rCold   . . .      Faith    .   (no shield)
rNeg    . . .      Spirit   .   g - +0 ring mail
rPois   .          Reflect  .   (no helmet)
rElec   .          Harm     .   (no cloak)
rCorr   .          Rampage  .   (no gloves)
Will    .....                   l - +0 pair of boots
Stlth   ++........              (no amulet)
HPRegen 0.20/turn               (no ring)
MPRegen 0.12/turn               (no ring)

@: rising, flying
A: no striking features
a: Renounce Religion


You were on level 7 of the Dungeon.
You worshipped Ignis.
Ignis was noncommittal.
You visited 1 branch of the dungeon, and saw 7 of its levels.

You collected 259 gold pieces.

Inventory:

Hand Weapons
 a - a -1 hand axe of flaming
 d - a +0 dagger
 f - a +0 scythe
 k - a +1 war axe (weapon)
 o - a +0 mace
Missiles
 c - 73 stones (quivered)
 e - 8 boomerangs
 r - 25 poisoned darts
 u - 5 silver javelins
Armour
 b - a +1 robe
 g - a +0 ring mail (worn)
 l - a +0 pair of boots (worn)
 m - a +0 leather armour
Wands
 p - a wand of acid (2)
 s - a wand of flame (7)
Scrolls
 i - 2 scrolls of immolation
 j - 2 scrolls of amnesia
 n - a scroll of magic mapping
 C - a scroll of noise {unknown}
Potions
 h - a potion of flight
 q - a potion of magic
 v - 3 potions of degeneration
 w - a potion of attraction {unknown}
 z - a potion of haste {unknown}
 B - a potion of might


   Skills:
 - Level 3.9 Fighting
 + Level 7.8 Axes
 - Level 0.2 Throwing
 + Level 4.4 Armour
 - Level 1.6 Dodging
 * Level 4.3 Stealth
 - Level 1.0 Spellcasting
 - Level 4.0 Fire Magic
 + Level 0.8 Evocations


You had 8 spell levels left.
You knew the following spells:

 Your Spells              Type           Power      Damage    Failure   Level
a - Scorch                Fire           24%        2d6       12%         2

Your spell library contained the following spells:

 Spells                   Type           Power      Damage    Failure   Level


Dungeon Overview and Level Annotations

Branches:
Dungeon (7/15)             Temple (0/1) D:7

Altars:
Cheibriados
Gozag
Hepliaklqana
Kikubaaqudgha
Qazlal
Zin

Shops:
D:4 *


Message History

Press: ? - help, v - describe, . - travel
Here: a killer bee (heavily wounded)
The floor, spattered with blood.
Okay, then.
Press: ? - help, v - describe, . - travel
Here: a killer bee The floor.
Aiming: Throw Flame
Press: ? - help, Shift-Dir - straight line, f - killer bee
Aim: a killer bee (39% to hit)
Okay, then.
Aiming: Corrosive Bolt
Press: ? - help, Shift-Dir - straight line, f - killer bee
Aim: a killer bee (43% to hit)
The bolt of acid hits the killer bee!
The acid corrodes the killer bee!
The killer bee is severely wounded.
You feel sick. The killer bee stings you.
* * * LOW HITPOINT WARNING * * *
The killer bee stings you but does no damage.
The killer bee misses you. The killer bee barely misses you.
Okay, then.
Okay, then.
You begin to rise into the air.
You feel sick.
The killer bee stings you but does no damage.
The killer bee barely misses you. The killer bee stings you.
* * * LOW HITPOINT WARNING * * *
The killer bee closely misses you. The killer bee misses you.
The killer bee stings you.
* * * LOW HITPOINT WARNING * * *
You feel better. The killer bee stings you.
* * * LOW HITPOINT WARNING * * *
The killer bee stings you.
* * * LOW HITPOINT WARNING * * *
The killer bee barely misses you. x2; The killer bee closely misses you.
The killer bee stings you.
* * * LOW HITPOINT WARNING * * *
You reach down and open the door.
The killer bee stings you.
* * * LOW HITPOINT WARNING * * *
The killer bee stings you!
You die...

############ #..........
#.......... #..........
##.......y.. #...c##'##
#....#.@.# #....#yyy#
+....)†..# #....#..##
#....#..# #....#..#
#.....# #....#..#
#.....##+#....##'#####+#
#.......................


You could see 3 killer bees.

Vanquished Creatures
  Prince Ribbit (D:6)
  Sigmund (D:2)
  A hornet zombie (D:6)
  A black bear (D:5)
  2 necrophages
  An ogre (D:5)
  A centaur (D:7)
  Blork the orc (D:4)
  A water moccasin zombie (D:7)
  A killer bee (D:7)
  A howler monkey (D:6)
  A bullfrog zombie (D:5)
  3 hounds
  An orc priest (D:3)
  An orc wizard (D:5)
  A hound skeleton (D:3)
  7 gnolls
  A howler monkey skeleton (D:6)
  3 adders
  4 shadow imps
  3 worms
  A dart slug (D:5)
  6 orcs
  4 ball pythons
  6 endoplasms
  6 goblins
  3 hobgoblins
  4 jackals (D:1)
  5 kobolds
  A quokka (D:2)
  2 bats
  3 frilled lizards
  7 rats
85 creatures vanquished.

Vanquished Creatures (collateral kills)
  A foxfire (D:3)
1 creature vanquished.

Vanquished Creatures (others)
  94 foxfires
  A plant (D:3)
95 creatures vanquished.

Grand Total: 181 creatures vanquished

Notes
Turn   | Place    | Note
-------+----------+-------------------------------------------
     0 | D:1      | croobank the Human Cinder Acolyte began the quest for the
                  | Orb.
     0 | D:1      | Reached XP level 1. HP: 18/18 MP: 2/2
   362 | D:1      | Reached XP level 2. HP: 17/24 MP: 3/3
   767 | D:1      | Found a faded altar of an unknown god.
  1110 | D:2      | Reached XP level 3. HP: 27/29 MP: 4/4
  1110 | D:2      | Noticed Sigmund
  1117 | D:2      | Killed Sigmund
  1118 | D:2      | Reached skill level 4 in Axes
  1118 | D:2      | Reached skill level 1 in Dodging
  1118 | D:2      | Reached XP level 4. HP: 30/37 MP: 5/5
  1118 | D:2      | Reached XP level 5. HP: 34/42 MP: 6/6
  1165 | D:2      | Learned a level 2 spell: Scorch
  1919 | D:3      | Reached XP level 6. HP: 48/48 MP: 7/7
  1976 | D:3      | Found a transporter.
  1985 | D:3      | Reached skill level 1 in Stealth
  1991 | D:3      | Found a transporter.
  2001 | D:4      | Found Gozag's Platinum Reserve.
  2001 | D:4      | Found an opulent altar of Gozag.
  3492 | D:3      | Reached skill level 1 in Armour
  3791 | D:4      | Found a stormy altar of Qazlal.
  3794 | D:4      | Found a glowing silver altar of Zin.
  3799 | D:4      | Found an ancient bone altar of Kikubaaqudgha.
  3799 | D:4      | Found a hazy altar of Hepliaklqana.
  3806 | D:4      | Found a snail-covered altar of Cheibriados.
  4070 | D:4      | Noticed a necrophage
  4087 | D:4      | Reached skill level 5 in Axes
  4098 | D:4      | Killed a necrophage
  4099 | D:4      | Reached XP level 7. HP: 15/53 MP: 8/8
  4323 | D:4      | Noticed Blork the orc
  4336 | D:4      | Killed Blork the orc
  4558 | D:5      | Entered Level 5 of the Dungeon
  4729 | D:5      | Reached skill level 6 in Axes
  4729 | D:5      | Reached XP level 8. HP: 36/60 MP: 9/9
  5856 | D:6      | Reached skill level 7 in Axes
  5862 | D:6      | Noticed Prince Ribbit
  6047 | D:6      | Killed Prince Ribbit
  6323 | D:7      | Found a staircase to the Ecumenical Temple.
  6456 | D:7      | Reached XP level 9. HP: 15/65 MP: 10/10
  6462 | D:7      | Slain by a killer bee

Illustrated notes

Levels and vault maps discovered:
D:1:      matt_arrival_refuge, layout_loops_cross,
          shapermc_ecumenical_altar_venn, chequers_jeans
D:2:      layout_rooms, serial_bayou_ford_a, dk_noncrumbling_3, uniq_sigmund
D:3:      gammafunk_wand_slinger, layout_loops_ring,
          hangedman_abyss_or_decor_stabs, chequers_serial_rivers_micro_b
D:4:      layout_rooms, nicolae_gozag_zags_fifth_avenue,
          nicolae_overflow_hallway_of_the_gods, uniq_blork_the_orc
D:5:      layout_gridville
D:6:      layout_loops_ring, serial_shops, nicolae_shop_behind_doors,
          serial_co_window_serial, co_window_of_opportunity_a,
          co_window_corner_a, co_window_paths_a, co_window_of_opportunity_a,
          co_window_corner_a, co_window_paths_b, co_window_broadway_c,
          co_window_unsneaky_path_e, co_window_broadway_a, co_window_cross_3,
          co_window_broadway_c, co_window_corner_ca, co_window_2corner,
          co_window_4corner_a, co_window_paths_e, glass_columns_a,
          glass_columns_a, grunt_ministairs_4, uniq_prince_ribbit1
D:7:      layout_gridville, minmay_temple_entry_statues, st_stairs_4

Skill      XL: |  1  2  3  4  5  6  7  8 |
---------------+-------------------------+-----
Axes           | 4 5 6 7 |  7.8
Dodging        | 1 |  1.6
Fire Magic     | 4 |  4.0
Stealth        | 2 3 4 |  4.3
Armour         | 1 3 4 |  4.4
Fighting       | |  3.9
Throwing       | |  0.2
Spellcasting   | |  1.0
Evocations     | |  0.8

Action                   |  1- 3 |  4- 6 |  7- 9 || total
-------------------------+-------+-------+-------++-------
Melee: Hand axe          |    64 |    28 |       ||    92
       War axe           |       |   114 |   124 ||   238
Throw: Boomerang         |     2 |     1 |     7 ||    10
       Javelin           |       |       |     5 ||     5
       Throwing net      |       |       |     1 ||     1
Invok: Foxfire Swarm     |     2 |     2 |     5 ||     9
       Rising Flame      |       |       |     1 ||     1
Evoke: Wand              |       |       |     9 ||     9
  Use: Scroll            |     1 |     8 |     3 ||    12
       Potion            |     2 |     1 |     3 ||     6
 Stab: Sleeping          |       |       |     1 ||     1
Armor: Robe              |     7 |     8 |       ||    15
       Leather armour    |       |    25 |    17 ||    42
       Ring mail         |       |       |    22 ||    22
Dodge: Dodged            |    35 |    88 |    84 ||   207

Table legend: (Time is in decaauts)
 A = Elapsed time spent in this place.
 B = Non-inter-level travel time spent in this place.
 C = Inter-level travel time spent in this place.
 D = Time resting spent in this place.
 E = Time spent auto-exploring this place.
 F = Levels seen in this place.
 G = Mean time per level.
                   A        B        C        D        E       F      G
               +--------+--------+--------+--------+--------+-----+--------+
         Total |   6545 |   6461 |     84 |   2893 |   2309 |   7 |  935.0 |
       Dungeon |   6545 |   6461 |     84 |   2893 |   2309 |   7 |  935.0 |
               +--------+--------+--------+--------+--------+-----+--------+

Top non-repeatable levels by time:
     D:3: 1546 daAuts
     D:5: 1227 daAuts
     D:4: 1211 daAuts
     D:1: 1060 daAuts
     D:2: 800 daAuts
     D:7: 408 daAuts
     D:6: 290 daAuts
